 Dungeon Crawl Stone Soup version 0.20.1-1-g8b1a95d (webtiles) character file.

118 Starchild the Gusty (level 5, -1/28 HPs)
             Began as a Tengu Air Elementalist on July 26, 2017.
             Was a Follower of Vehumet.
             Slain by a sky beast (5 damage)
             ... on level 4 of the Dungeon.
             The game lasted 00:12:30 (3523 turns).

Starchild the Gusty (Tengu Air Elementalist)        Turns: 3523, Time: 00:12:31

Health: -1/28      AC:  3    Str:  8    XL:     5   Next: 2%
Magic:  7/9        EV: 12    Int: 17    God:    Vehumet [*.....]
Gold:   177        SH:  0    Dex: 14    Spells: 1/8 levels left

rFire    . . .     SeeInvis .   t - +1 dagger (venom)
rCold    . . .     Gourm    .   (no shield)
rNeg     . . .     Faith    .   a - +0 robe
rPois    .         Spirit   .   (helmet restricted)
rElec    .         Reflect  .   (no cloak)
rCorr    .         Harm     .   y - +0 pair of gloves
MR       .....                  (boots unavailable)
Stlth    ++........             (no amulet)
Regen    0.1/turn               (no ring)
MPRegen  0.2/turn               (no ring)

@: no status effects
A: beak, talons 3, able to fly 1
a: Fly, Renounce Religion


You were on level 4 of the Dungeon.
You worshipped Vehumet.
Vehumet was aware of your devotion.
You were not hungry.

You visited 1 branch of the dungeon, and saw 4 of its levels.

You collected 177 gold pieces.

Inventory:

Hand Weapons
 t - a +1 dagger of venom (weapon)
 v - a +2 rapier of holy wrath
Missiles
 l - 84 arrows
 o - 51 stones (quivered)
Armour
 a - a +0 robe (worn)
 y - a +0 pair of gloves (worn)
 z - a +0 shield
Jewellery
 f - an uncursed ring of ice
Scrolls
 e - a scroll of magic mapping {unknown}
 h - 3 scrolls of teleportation
 j - 2 scrolls of fear
 n - a scroll of blinking {unknown}
 s - 3 scrolls of remove curse
 u - 2 scrolls of noise {unknown}
 A - a scroll of fog {unknown}
 B - a scroll of enchant weapon {unknown}
 C - a scroll of identify
 D - 2 scrolls of immolation {unknown}
Potions
 d - a potion of haste {unknown}
 i - a potion of berserk rage
 q - a potion of flight {unknown}
 r - a potion of brilliance {unknown}
 w - a potion of might {unknown}
 x - a potion of heal wounds {unknown}
Books
 b - a book of Air

   Spells                             Type                      Level
   a - Shock                          Conjuration/Air              1
   b - Swiftness                      Charms/Air                   2
   c - Static Discharge               Conjuration/Air              3
   d - Airstrike                      Air                          4
   e - Lightning Bolt                 Conjuration/Air              5
 m - Sif Muna's Grimoire of Transformation
   (You found it on level 2 of the Dungeon)

   Spells                             Type                      Level
   a - Beastly Appendage              Transmutation                1
Comestibles
 c - 3 bread rations
 k - a fruit
 p - a royal jelly


   Skills:
 - Level 2.1 Dodging
 - Level 2.0 Stealth
 - Level 2.0 Spellcasting
 - Level 5.0 Conjurations
 + Level 5.3 Air Magic


You had one spell level left.
You knew the following spells:

 Your Spells              Type           Power        Failure   Level  Hunger
a - Shock                 Conj/Air       ###.         2%          1    #......
b - Swiftness             Chrm/Air       ##......     10%         2    ###....
c - Static Discharge      Conj/Air       ###.....     7%          3    ###....
d - Flame Tongue          Conj/Fire      ##...        7%          1    #......


Dungeon Overview and Level Annotations

Branches:
Dungeon (4/15)
 Temple: D:4-7

Altars:
Elyvilon
Fedhas
Kikubaaqudgha
Nemelex Xobeh
Okawaru
Sif Muna
Trog
Vehumet
Yredelemnul


Innate Abilities, Weirdness & Mutations

You have a beak for a mouth.
You have claws for feet.
You can fly.


Message History

Something hits you. Something shocks you.
* * * LOW HITPOINT WARNING * * *
A sky beast appears from thin air!
Reactivating autopickup.
There is a stone staircase leading down here.
You closely miss the sky beast. Your kick misses the sky beast.
You peck the sky beast, but do no damage.
The sky beast is moderately wounded.
The sky beast barely misses you.
You barely miss the sky beast.
The sky beast is moderately wounded.
The sky beast barely misses you.
You hit the sky beast.
The sky beast is poisoned.
You claw the sky beast, but do no damage.
You peck the sky beast.
The sky beast is heavily wounded.
The sky beast hits you.
* * * LOW HITPOINT WARNING * * *
The sky beast shocks you.
You die...

........#.#.#.###.#
........+.#.#.# #.#
........###.#.# #.#
........'...#.# #.#
........#####'###.##
######### #.......#
#.....).# #..Y....#
#.@.....#
######.........
########.#


You could see a sky beast.

Vanquished Creatures
  5 adders
  3 worms
  A dart slug (D:2)
  4 leopard geckos
  2 orcs (D:4)
  5 bats
  6 giant cockroaches
  9 goblins
  5 hobgoblins
  6 frilled lizards
  3 kobolds
  9 rats
58 creatures vanquished.

Notes
Turn   | Place    | Note
-------+----------+-------------------------------------------
     0 | D:1      | Starchild the Tengu Air Elementalist began the quest for the Orb.
     0 | D:1      | Reached XP level 1. HP: 10/10 MP: 4/4
   223 | D:1      | Reached XP level 2. HP: 15/15 MP: 4/6
   230 | D:1      | Learned a level 2 spell: Swiftness
  1070 | D:2      | Reached XP level 3. HP: 17/19 MP: 3/7
  1112 | D:2      | Learned a level 3 spell: Static Discharge
  1120 | D:2      | Found an ancient bone altar of Kikubaaqudgha.
  1122 | D:2      | Found a deep blue altar of Sif Muna.
  1124 | D:2      | Found a radiant altar of Vehumet.
  1128 | D:2      | Identified Sif Muna's Grimoire of Transformation
  1138 | D:2      | Became a worshipper of Vehumet
  1926 | D:2      | Reached XP level 4. HP: 24/24 MP: 8/8
  2047 | D:2      | Reached skill level 5 in Conjurations
  2620 | D:3      | Reached * piety under Vehumet
  2620 | D:3      | Offered knowledge of Flame Tongue by Vehumet.
  3025 | D:3      | Reached skill level 5 in Air Magic
  3316 | D:4      | Found a white marble altar of Elyvilon.
  3318 | D:4      | Found an iron altar of Okawaru.
  3318 | D:4      | Found a basalt altar of Yredelemnul.
  3318 | D:4      | Found a blossoming altar of Fedhas.
  3318 | D:4      | Found a bloodstained altar of Trog.
  3322 | D:4      | Found a sparkling altar of Nemelex Xobeh.
  3338 | D:4      | Gained mutation: You can fly. [Tengu growth]
  3338 | D:4      | Reached XP level 5. HP: 28/28 MP: 4/9
  3489 | D:4      | Noticed a sky beast
  3492 | D:4      | Learned a level 1 spell: Flame Tongue
  3523 | D:4      | Slain by a sky beast

Skill      XL: |  1  2  3  4 |
---------------+-------------+-----
Conjurations   | 2 3 4 5 |  5.0
Air Magic      | 5 |  5.3
Dodging        | |  2.1
Stealth        | |  2.0
Spellcasting   | |  2.0

Action                   |  1- 3 |  4- 6 || total
-------------------------+-------+-------++-------
Melee: Club              |    49 |    15 ||    64
       Kick              |     8 |     4 ||    12
       Peck              |     5 |     5 ||    10
       Dagger            |       |    15 ||    15
 Cast: Shock             |    28 |    31 ||    59
       Static Discharge  |     1 |     2 ||     3
       Flame Tongue      |       |     4 ||     4
  Use: Scroll            |       |     8 ||     8
       Potion            |       |     1 ||     1
 Stab: Sleeping          |     3 |       ||     3
  Eat: Chunk             |     4 |     5 ||     9
Armor: Robe              |     6 |    16 ||    22
Dodge: Dodged            |    54 |    27 ||    81
